 Dungeon Crawl Stone Soup version 0.31-a0-1099-g7fa767f3fe (webtiles) character file.

Game seed: 18309295344695073781

30 Gumption the Ruffian (level 3, -2/28 HPs)
             Began as a Gnoll Shapeshifter on Dec 1, 2023.
             Slain by a gnoll
             ... wielding a +0 spear
              (4 damage)
             ... on level 2 of the Dungeon.
             The game lasted 00:06:52 (638 turns).

Gumption the Ruffian (Gnoll Shapeshifter)            Turns: 638, Time: 00:06:52

Health: -2/28      AC:  6    Str: 15    XL:     3   Next: 18%
Magic:  4/4        EV: 10    Int:  9    God:
Gold:   54         SH:  0    Dex: 11    Spells: 3/3 levels left

rFire   . . .        k - +0 whip (holy)
rCold   . . .        (no shield)
rNeg    . . .        f - +0 scale mail
rPois   .            (helmet currently unavailable)
rElec   .            (cloak currently unavailable)
rCorr   .            (gloves currently unavailable)
SInv    .            (boots currently unavailable)
Will    .....        (no amulet) Stlth
                     (no ring)
HPRegen 0.24/turn    (no ring)
MPRegen 0.09/turn

%: no passive effects
@: beast-form
A: beast (slay +3), fangs 1, strong nose, distributed training
a: Begin Untransformation


You were on level 2 of the Dungeon.
You were a hulking beast.
You visited 1 branch of the dungeon, and saw 2 of its levels.

You collected 54 gold pieces.

Inventory:

Hand Weapons
 k - a +0 whip of holy wrath (weapon)
Missiles
 m - 16 stones (quivered)
Armour
 f - a +0 scale mail (worn)
 j - a +0 cloak
Talismans
 c - a beast talisman
 d - a flux talisman
Scrolls
 i - a scroll of teleportation {unknown}
 l - a scroll of fear {unknown}
Potions
 a - a potion of mutation
 b - 2 potions of lignification
 e - a potion of curing {unknown}
 g - a potion of might {unknown}
 h - a potion of haste {unknown}
 n - a potion of attraction {unknown}
 o - 2 potions of enlightenment


   Skills:
 + Level 2.6 Fighting
 + Level 0.7 Short Blades
 + Level 0.7 Long Blades
 + Level 0.7 Axes
 + Level 0.7 Maces & Flails
 + Level 0.7 Polearms
 + Level 0.7 Staves
 + Level 0.7 Ranged Weapons
 + Level 0.7 Throwing
 + Level 0.7 Armour
 + Level 4.5 Dodging
 + Level 0.7 Stealth
 + Level 0.7 Shields
 + Level 6.5 Unarmed Combat
 + Level 0.7 Spellcasting
 + Level 0.5 Conjurations
 + Level 0.5 Hexes
 + Level 0.5 Summonings
 + Level 0.5 Necromancy
 + Level 0.5 Translocations
 + Level 0.5 Transmutations
 + Level 0.5 Fire Magic
 + Level 0.5 Ice Magic
 + Level 0.5 Air Magic
 + Level 0.5 Earth Magic
 + Level 0.5 Poison Magic
 + Level 0.9 Invocations
 + Level 0.7 Evocations
 + Level 6.5 Shapeshifting


You had 3 spell levels left.
You didn't know any spells.
Your spell library was empty.

Dungeon Overview and Level Annotations

Branches:
Dungeon (2/15)

Altars:
Vehumet


Innate Abilities, Weirdness & Mutations

You are a hulking beast.
Your limbs bulge with bestial killing power. (Slay +3)
You have very sharp teeth.
Your uncanny sense of smell can sniff out nearby items.
Your experience applies equally to all skills.


Message History

Found a cloak.
Found a stone staircase leading down.
You see here a +0 cloak.
j - a +0 cloak
Okay, then.
Okay, then.
There are no items here.
Your +0 whip of holy wrath softly glows with a divine radiance!
k - a +0 whip of holy wrath (weapon)
Found a radiant altar of Vehumet.
A gnoll comes into view. It is wielding a +0 spear.
Found a gold piece.
The gnoll shouts!
You hear a shout! x2
The gnoll barely misses you.
A gnoll comes into view. It is wielding a +0 flail.
A gnoll comes into view. It is wielding a +0 halberd.
A gnoll comes into view. It is wielding a +0 whip.
The gnoll hits you from afar with a +0 spear.
The gnoll closely misses you.
There is a stone staircase leading down here.
You hit the gnoll.
The gnoll is moderately wounded.
The gnoll hits you from afar with a +0 spear.
You closely miss the gnoll. Your bite misses the gnoll.
The gnoll is moderately wounded.
The gnoll closely misses you. x2
You hit the gnoll but do no damage. Your bite misses the gnoll.
The gnoll is moderately wounded.
The gnoll hits you with a +0 whip.
* * * LOW HITPOINT WARNING * * *
The gnoll hits you from afar with a +0 spear.
* * * LOW HITPOINT WARNING * * *
The gnoll hits you with a +0 halberd!
* * * LOW HITPOINT WARNING * * *
You completely miss the gnoll.
The gnoll is moderately wounded.
The gnoll hits you with a +0 whip.
* * * LOW HITPOINT WARNING * * *
The gnoll hits you from afar with a +0 spear.
You die...

### #.. ∆ #.#
### #.# #<#
##.###.#
#....#.#
#..#...#
#######..######
............gh#
#######.#####g#
#.##.#


gg# #....# #.$# #.####∆ #..# #.# #..# #.# #..# #.# #... #.# You could see 4
gnolls.

Vanquished Creatures
  2 dart slugs (D:1)
  2 bats (D:1)
  An endoplasm (D:1)
  A giant cockroach (D:1)
  3 goblins (D:1)
  A hobgoblin (D:1)
  3 jackals (D:1)
  2 kobolds (D:1)
  6 ball pythons (D:1)
  A rat (D:1)
22 creatures vanquished.

Notes
Turn   | Place    | Note
-------+----------+-------------------------------------------
     0 | D:1      | Gumption the Gnoll Shapeshifter began the quest for the
                  | Orb.
     0 | D:1      | Reached XP level 1. HP: 17/17 MP: 1/1
   117 | D:1      | Reached XP level 2. HP: 23/23 MP: 2/2
   346 | D:1      | Reached XP level 3. HP: 28/28 MP: 3/3
   616 | D:2      | Found a radiant altar of Vehumet.
   638 | D:2      | Slain by a gnoll

Illustrated notes

Levels and vault maps discovered:
D:1:      onia_arrival_pyramid, layout_rooms
D:2:      layout_basic, serial_glass, glass_columns_b, glass_columns_c,
          basic_altar, minmay_misc_feat_doors, uniq_jessica

Action                     || total
---------------------------++-------
  Melee: Unarmed           ||    42
         Bite              ||     5
         Whip              ||     4
         Punch             ||     1
    Use: Scroll            ||     2
 Armour: Scale mail        ||    24
  Dodge: Dodged            ||    20

Table legend: (Time is in decaauts)
 A = Elapsed time spent in this place.
 B = Non-inter-level travel time spent in this place.
 C = Inter-level travel time spent in this place.
 D = Time resting spent in this place.
 E = Time spent auto-exploring this place.
 F = Levels seen in this place.
 G = Mean time per level.
                   A        B        C        D        E       F      G
               +--------+--------+--------+--------+--------+-----+--------+
         Total |    632 |    632 |      0 |     28 |    273 |   2 |  316.0 |
       Dungeon |    632 |    632 |      0 |     28 |    273 |   2 |  316.0 |
               +--------+--------+--------+--------+--------+-----+--------+

Top non-repeatable levels by time:
     D:1: 585 daAuts
     D:2: 47 daAuts
